 Dungeon Crawl Stone Soup version 0.29-a0-398-ge13fd1374b (webtiles) character file.

Game seed: 3554388433632616090

42 quinnr the Gusty (level 3, 0/19 HPs)
             Began as a Tengu Air Elementalist on May 12, 2022.
             Slain by an ufetubus (2 damage)
             ... on level 2 of the Dungeon.
             The game lasted 00:03:13 (1280 turns).

quinnr the Gusty (Tengu Air Elementalist)           Turns: 1280, Time: 00:03:13

Health: 0/19       AC:  2    Str:  8    XL:     3   Next: 54%
Magic:  1/7        EV: 12    Int: 17    God:
Gold:   67         SH:  0    Dex: 14    Spells: 5/6 levels left

rFire   . . .      SeeInvis .   i - +2 hunting sling (vorpal)
rCold   . . .      Faith    .   (no shield)
rNeg    . . .      Spirit   .   a - +0 robe
rPois   .          Reflect  .   (helmet restricted)
rElec   .          Harm     .   d - scarf {repulsion}
rCorr   +          Rampage  .   (no gloves)
Will    .....                   (boots unavailable)
Stlth   ++........              (no amulet)
HPRegen 0.06/turn               m - ring of resist corrosion
MPRegen 0.10/turn               (no ring)

@: repel missiles
A: beak, talons 3
a: no special abilities


You were on level 2 of the Dungeon.
You visited 1 branch of the dungeon, and saw 2 of its levels.

You collected 67 gold pieces.

Inventory:

Hand Weapons
 i - a +2 vorpal hunting sling (weapon)
Missiles
 j - 43 stones
Armour
 a - a +0 robe (worn)
 d - a scarf of repulsion (worn)
Jewellery
 m - a ring of resist corrosion (left hand)
Scrolls
 c - a scroll of identify {unknown}
 e - 2 scrolls of vulnerability {unknown}
 f - a scroll of fear {unknown}
 g - a scroll of poison {unknown}
 h - a scroll of magic mapping {unknown}
Potions
 b - a potion of magic
 k - a potion of mutation {unknown}
 l - a potion of curing {unknown}


   Skills:
 - Level 2.1 Dodging
 - Level 2.0 Stealth
 - Level 2.0 Spellcasting
 - Level 1.3 Conjurations
 + Level 5.9 Air Magic


You had 5 spell levels left.
You knew the following spells:

 Your Spells              Type           Power      Damage    Failure   Level
a - Shock                 Conj/Air       56%        1d6       4%          1

Your spell library contained the following spells:

 Spells                   Type           Power      Damage    Failure   Level
 Swiftness                Air            22%        N/A       4%          3
 Static Discharge         Conj/Air       14%        N/A       6%          2
 Airstrike                Air            11%        N/A       17%         4


Dungeon Overview and Level Annotations

Branches:
Dungeon (2/15)

Altars:


Innate Abilities, Weirdness & Mutations

You have a beak for a mouth.
You have claws for feet.


Message History

Key pressed, stopping explore.
An endoplasm comes into view.
An endoplasm is nearby!
The zap hits the endoplasm.
The endoplasm is severely wounded.
The zap hits the endoplasm.
You kill the endoplasm!
You can't see any susceptible monsters within range! (Use Z to cast anyway.) Magic restored.
Key pressed, stopping explore.
Found 5 poisoned darts.
Found a club.
A ball python comes into view.
The ball python hisses angrily.
The zap misses the ball python.
The zap hits the ball python.
The ball python is severely wounded.
The zap misses the ball python.
The zap hits the ball python.
You kill the ball python!
An ufetubus comes into view.
The ufetubus shouts!
The zap hits the ufetubus.
The ufetubus is lightly wounded.
The zap misses the ufetubus.
An endoplasm comes into view.
The zap misses the ufetubus.
The ufetubus hits you. The ufetubus barely misses you.
You are too depleted to draw on your mana recklessly!
Unknown command.
The ufetubus attacks as you move away! The ufetubus closely misses you.
The ufetubus misses you. The ufetubus barely misses you. The ufetubus hits you.
The ufetubus attacks as you move away! The ufetubus barely misses you.
The ufetubus hits you. The ufetubus attacks as you move away!
The ufetubus hits you. The ufetubus barely misses you.
The ufetubus hits you. x2
The ufetubus attacks as you move away! The ufetubus hits you.
* * * LOW HITPOINT WARNING * * *
The ufetubus hits you.
You die...

.......).............######
.....(.................<..#
......J..........##.......#
...............#.##########
...............#.#
...............#.####
...............#....#
#.............#####.#
##.........5@.......#
####################


You could see an ufetubus and an endoplasm.

Vanquished Creatures
  An adder (D:2)
  A dart slug (D:1)
  3 endoplasms
  A giant cockroach (D:1)
  5 goblins (D:1)
  2 hobgoblins
  A kobold (D:1)
  2 quokkas (D:1)
  2 ball pythons
  5 bats
  A frilled lizard (D:1)
  4 rats (D:1)
28 creatures vanquished.

Notes
Turn   | Place    | Note
-------+----------+-------------------------------------------
     0 | D:1      | quinnr the Tengu Air Elementalist began the quest for the
                  | Orb.
     0 | D:1      | Reached XP level 1. HP: 10/10 MP: 4/4
   208 | D:1      | Reached XP level 2. HP: 15/15 MP: 4/6
   367 | D:1      | Reached skill level 5 in Air Magic
   697 | D:1      | Reached XP level 3. HP: 19/19 MP: 3/7
  1280 | D:2      | Slain by an ufetubus

Illustrated notes

Levels and vault maps discovered:
D:1:      enne_arrival_octagon_isle, layout_basic
D:2:      layout_rooms, basic_ecumenical_altar

Skill      XL: |  1  2 |
---------------+-------+-----
Air Magic      | 5 |  5.9
Dodging        | |  2.1
Stealth        | |  2.0
Spellcasting   | |  2.0
Conjurations   | |  1.3

Action                   || total
-------------------------++-------
Melee: Unarmed           ||     2
       Kick              ||     1
 Fire: Hunting sling     ||     6
 Cast: Shock             ||    64
Armor: Robe              ||     2
Dodge: Dodged            ||    13

Table legend: (Time is in decaauts)
 A = Elapsed time spent in this place.
 B = Non-inter-level travel time spent in this place.
 C = Inter-level travel time spent in this place.
 D = Time resting spent in this place.
 E = Time spent auto-exploring this place.
 F = Levels seen in this place.
 G = Mean time per level.
                   A        B        C        D        E       F      G
               +--------+--------+--------+--------+--------+-----+--------+
         Total |   1282 |   1206 |     76 |     60 |    973 |   2 |  641.0 |
       Dungeon |   1282 |   1206 |     76 |     60 |    973 |   2 |  641.0 |
               +--------+--------+--------+--------+--------+-----+--------+

Top non-repeatable levels by time:
     D:1: 1193 daAuts
     D:2: 89 daAuts
